 Dungeon Crawl Stone Soup version 0.27-a0-660-g90476cec82 (webtiles) character file.

Game seed: 2726845131674999215

109 shoop the Chopper (level 4, 0/40 HPs)
             Began as a Palentonga Abyssal Knight on Mar 16, 2021.
             Was a Believer of Lugonu.
             Slain by Eustachio
             ... wielding a +0 rapier
              (2 damage)
             ... on level 3 of the Dungeon.
             The game lasted 00:04:58 (3437 turns).

shoop the Chopper (Palentonga Abyssal Knight)       Turns: 3437, Time: 00:04:58

Health: 0/40       AC:  5    Str: 13 (16) XL:     4   Next: 60%
Magic:  6/6        EV:  9    Int: 10 (12) God:    Lugonu [**....]
Gold:   180        SH:  0    Dex:  8 (10) Spells: 3/3 levels left

rFire    . . .     SeeInvis +   o - +1 great sword (elec)
rCold    . . .     Faith    .   (shield currently unavailable)
rNeg     . . .     Spirit   .   b - +0 leather armour
rPois    .         Reflect  .   (no helmet)
rElec    .         Harm     .   p - +0 cloak
rCorr    .         Rampage  .   (no gloves)
Will     .....                  (no barding)
Stlth    +.........             (no amulet)
HPRegen  0.13/turn              (no ring)
MPRegen  0.10/turn              (no ring)

@: flying
A: large, rugged brown scales 3, see invisible, deformed body, roll 1, armoured
tail
a: Rolling Charge, Renounce Religion, Depart the Abyss, Bend Space


You were on level 3 of the Dungeon.
You worshipped Lugonu.
Lugonu was pleased with you.
You visited 1 branch of the dungeon, and saw 4 of its levels.
You visited the Abyss 1 time.

You collected 180 gold pieces.

Inventory:

Hand Weapons
 a - a +1 hand axe
 o - a +1 great sword of electrocution (weapon)
Missiles
 h - 7 boomerangs
 j - 20 poisoned darts
Armour
 b - a +0 leather armour (worn)
 p - a +0 cloak (worn)
Scrolls
 c - a scroll of teleportation {unknown}
 d - 2 scrolls of amnesia {unknown}
 i - a scroll of enchant weapon {unknown}
 l - 3 scrolls of identify {unknown}
 m - 3 scrolls of noise {unknown}
Potions
 e - 3 potions of flight
 f - 2 potions of heal wounds {unknown}
 g - 4 potions of curing
 k - 2 potions of magic {unknown}
 n - 2 potions of brilliance {unknown}
 q - a potion of degeneration


   Skills:
 - Level 3.0 Fighting
 * Level 4.5 Axes
 - Level 1.5 Armour
 - Level 0.7 Dodging
 + Level 2.8 Invocations


You had 3 spell levels left.
You didn't know any spells.
Your spell library was empty.

Dungeon Overview and Level Annotations

Branches:
Dungeon (4/15)
 Temple: D:4-7

Altars:
Ashenzari
Elyvilon
Fedhas

Annotations:
D:3 Eustachio


Innate Abilities, Weirdness & Mutations

You are completely covered in rugged brown scales. (AC +3, +7% HP)
You have supernaturally acute eyesight. (SInv)
Armour fits poorly on your strangely shaped body.
You can roll at nearby foes to attack.
You have a long armoured tail.


Message History

The orc is severely wounded.
The bat closely misses you. x2; You riposte.
You hit the bat. Lightning courses through the bat!
You kill the bat!
The bat's corpse disappears in a puff of smoke!
The quokka twitches its whiskers.
The orc hits you but does no damage.
The quokka bites you but does no damage.
The iron imp grinds its teeth.
The orc closely misses you.
You riposte.
You slash the orc!
You kill the orc!
Lugonu accepts your kill.
You hit the quokka. Lightning courses through the quokka!
You kill the quokka!
The quokka's corpse disappears in a puff of smoke!
Eustachio screams, "Hey, you killed my favourite bat!"
Eustachio hits you with a +0 rapier!
* * * LOW HITPOINT WARNING * * *
You closely miss Eustachio.
Your tail-slap misses Eustachio.
Eustachio is heavily wounded.
Eustachio hits you with a +0 rapier!
* * * LOW HITPOINT WARNING * * *
Unknown command.
It was a potion of curing.
You feel better. Eustachio barely misses you.
You miss Eustachio.
Eustachio is heavily wounded.
Eustachio hits you with a +0 rapier.
* * * LOW HITPOINT WARNING * * *
Eustachio barely misses you.
Unknown command.
It was a potion of flight.
You feel very buoyant.
You fly up into the air.
Eustachio hits you with a +0 rapier.
* * * LOW HITPOINT WARNING * * *
Okay, then.
It was a potion of degeneration.
There was something very wrong with that liquid.
You feel weakened.
You feel dopey.
You feel clumsy. Eustachio hits you with a +0 rapier.
You die...

#.# #.# #.# #.# #.# #.#
#######.###.#
#........##.#
###########.## #....#
##################....#
#..555@@).............#
##.###############....#
#.#....#.............#
#.#.#..#.########....#
#.#.#.##.#......#....#
#.#......#..###.#.####
#.###...........#.#####
#.##############......#
#.....................#


You could see Eustachio, 2 iron imps and an ufetubus (summoned).

Vanquished Creatures
  A hound (D:3)
  2 adders
  A dart slug (D:2)
  2 leopard geckos
  2 orcs (D:3)
  A ball python (D:3)
  11 bats
  4 giant cockroaches
  4 goblins
  6 hobgoblins
  3 jackals (D:2)
  3 quokkas
  6 kobolds
  7 rats
53 creatures vanquished.

Notes
Turn   | Place    | Note
-------+----------+-------------------------------------------
     0 | Abyss:1  | shoop the Palentonga Abyssal Knight began the quest for the
                  | Orb.
     0 | Abyss:1  | Reached XP level 1. HP: 20/20 MP: 2/2
    28 | D:1      | Escaped the Abyss
   317 | D:1      | Reached XP level 2. HP: 21/27 MP: 3/3
   332 | D:1      | Reached skill level 3 in Axes
   965 | D:2      | Reached ** piety under Lugonu
  1109 | D:2      | Reached XP level 3. HP: 27/33 MP: 4/4
  1232 | D:2      | Found a white marble altar of Elyvilon.
  1359 | D:2      | Found a broken altar of Ashenzari.
  2268 | D:2      | Found a blossoming altar of Fedhas.
  2484 | D:3      | Reached skill level 4 in Axes
  2492 | D:3      | Reached XP level 4. HP: 26/40 MP: 4/6
  3423 | D:4      | Noticed Eustachio
  3436 | D:3      | HP: 2/40 [Eustachio/+0 rapier (4)]
  3437 | D:3      | Slain by Eustachio

Illustrated notes

Levels and vault maps discovered:
D:1:      psy_arrival_fountain, layout_basic, minmay_heptomino_h4
D:2:      layout_basic, evilmike_ruin_ashenzari, overflow_temple_1_default,
          fedhas_altar_fruit_tree
D:3:      layout_basic
D:4:      kennysheep_the_goblin_king, layout_rooms, serial_shops, shop,
          uniq_eustachio

Skill      XL: |  1  2  3 |
---------------+----------+-----
Axes           | 3 4 |  4.5
Fighting       | |  3.0
Armour         | |  1.5
Dodging        | |  0.7
Invocations    | |  2.8

Action                   |  1- 3 |  4- 6 || total
-------------------------+-------+-------++-------
Melee: Hand axe          |   157 |     4 ||   161
       Tailslap          |     5 |     2 ||     7
       Great sword       |       |    21 ||    21
 Abil: Rolling Charge    |     4 |     1 ||     5
  Use: Potion            |       |     3 ||     3
Armor: Leather armour    |    84 |    10 ||    94
Dodge: Dodged            |   120 |    23 ||   143
       Rpst.: Great sword |       |     7 ||     7

Table legend: (Time is in decaauts)
 A = Elapsed time spent in this place.
 B = Non-inter-level travel time spent in this place.
 C = Inter-level travel time spent in this place.
 D = Time resting spent in this place.
 E = Time spent auto-exploring this place.
 F = Levels seen in this place.
 G = Mean time per level.
                   A        B        C        D        E       F      G
               +--------+--------+--------+--------+--------+-----+--------+
         Total |   3474 |   3271 |    203 |    436 |   2333 |   5 |  694.8 |
       Dungeon |   3446 |   3243 |    203 |    436 |   2319 |   4 |  861.5 |
         Abyss |     28 |     28 |      0 |      0 |     14 |   1 |   28.0 |
               +--------+--------+--------+--------+--------+-----+--------+

Top non-repeatable levels by time:
     D:1: 1253 daAuts
     D:2: 1103 daAuts
     D:3: 1084 daAuts
 Abyss:1: 28 daAuts
     D:4: 4 daAuts
